 Dungeon Crawl Stone Soup version 0.29.0-10-g45618ea6d2 (webtiles) character file.

Game seed: 3546454355184434874

155 NotreDorf the Poker (level 5, -1/42 HPs)
             Began as a Merfolk Berserker on Sept 1, 2022.
             Was a Believer of Trog.
             Slain by a hobgoblin
             ... wielding a +0 dagger
              (5 damage)
             ... on level 4 of the Dungeon.
             The game lasted 00:09:16 (2503 turns).

NotreDorf the Poker (Merfolk Berserker)             Turns: 2503, Time: 00:09:16

Health: -1/42      AC:  6    Str: 17      XL:     5   Next: 37%
Magic:  5/5        EV: 14    Int:  7      God:    Trog [**....]
Gold:   236        SH:  0    Dex: 20 (21) Spells: 4/4 levels left

rFire   . . .      SeeInvis .   a - +0 spear
rCold   . . .      Faith    .   (no shield)
rNeg    . . .      Spirit   .   b - +0 animal skin
rPois   .          Reflect  .   (no helmet)
rElec   .          Harm     .   (no cloak)
rCorr   .          Rampage  .   (no gloves)
Will    ++...                   (no boots)
Stlth   +++.......              (no amulet)
HPRegen 1.14/turn               c - +6 ring of dexterity
MPRegen 0.09/turn               k - +4 ring of protection

@: strong-willed, on berserk cooldown, regenerating, slowed, very slow
A: (nimble swimmer 2), mertail
a: Renounce Religion, Berserk, Trog's Hand


You were on level 4 of the Dungeon.
You worshipped Trog.
Trog was pleased with you.
You visited 1 branch of the dungeon, and saw 4 of its levels.

You collected 236 gold pieces.

Inventory:

Hand Weapons
 a - a +0 spear (weapon)
Armour
 b - a +0 animal skin (worn)
Jewellery
 c - a +6 ring of dexterity (left hand)
 d - a ring of protection from cold
 j - a ring of see invisible
 k - a +4 ring of protection (right hand)
 m - an amulet of regeneration
 r - a ring of fire
 t - a ring of fire
Scrolls
 f - a scroll of immolation {unknown}
 g - a scroll of silence {unknown}
 i - a scroll of fear {unknown}
 n - a scroll of torment {unknown}
 o - a scroll of teleportation {unknown}
 p - 2 scrolls of identify {unknown}
 q - a scroll of enchant armour {unknown}
 s - a scroll of fog {unknown}
Potions
 e - a potion of resistance {unknown}
 h - 2 potions of ambrosia {unknown}
 l - a potion of mutation {unknown}


   Skills:
 + Level 4.2 Fighting
 + Level 5.2 Polearms
 - Level 1.3 Armour
 + Level 4.2 Dodging
 + Level 2.8 Stealth


You had 4 spell levels left.
You didn't know any spells.
Your spell library contained the following spells:

 Spells                   Type           Power      Damage    Failure   Level
 Olgreb's Toxic Radiance  Pois           0%         N/A       99%         4
 Ozocubu's Refrigeration  Ice            0%         4d7       100%        7
 Ignition                 Fire           0%         3d3       100%        8


Dungeon Overview and Level Annotations

Branches:
Dungeon (4/15)
 Temple: D:4-7

Altars:


Innate Abilities, Weirdness & Mutations

((You are very nimble when in or above water. (Stealth+, EV+, Speed+++)))
Your lower body shifts to a powerful aquatic tail in water.


Message History

The black bear claws you but does no damage. x2
A worm comes into view.
The black bear closely misses you.
The black bear claws you but does no damage.
The black bear claws you.
You barely miss the black bear.
The black bear is heavily wounded.
The black bear misses you.
The black bear claws you but does no damage.
The black bear closely misses you. The black bear bites you.
The black bear barely misses you. The black bear closely misses you.
You hit the black bear.
The black bear is severely wounded.
The black bear barely misses you. The black bear closely misses you.
The black bear misses you.
The hobgoblin hits you but does no damage.
You hit the black bear.
The black bear is severely wounded.
The black bear bites you. The black bear closely misses you. x2
The hobgoblin hits you with a +0 dagger.
You hit the black bear.
The black bear is almost dead.
The black bear goes berserk!
The hobgoblin completely misses you.
You hit the black bear but do no damage.
The black bear is almost dead.
The black bear bites you. The black bear barely misses you. x2
The hobgoblin misses you. The black bear bites you!
* * * LOW HITPOINT WARNING * * *
The black bear completely misses you.
The black bear claws you but does no damage.
Your skin crawls.
You feel strong-willed. The black bear bites you.
* * * LOW HITPOINT WARNING * * *
The black bear claws you but does no damage.
The black bear claws you.
* * * LOW HITPOINT WARNING * * *
The hobgoblin hits you with a +0 dagger.
You die...

####..##..##..## ..
###..##.####..# ..
###.....#.......##.# .
#..........#....#..# ..
.................... ..
##..).##......##.(. .#
##..#.##..##.w..## ..##
#...####...#.....##....#
#...###.....†...@h....#
##.###..........#g.......
####...........##.......
#..........## #......
##.......### .....#
#..#...## ...... ########
#.... ....


You could see a black bear (berserk), a worm and a hobgoblin.

Vanquished Creatures
  7 adders
  3 gnolls (D:2)
  A dart slug (D:2)
  2 orcs
  2 bats
  8 endoplasms
  A giant cockroach (D:2)
  8 goblins
  6 hobgoblins
  3 jackals (D:3)
  5 kobolds
  3 ball pythons
  3 frilled lizards
  9 rats
61 creatures vanquished.

Vanquished Creatures (others)
  3 fungi (D:1)
  A plant (D:1)
4 creatures vanquished.

Grand Total: 65 creatures vanquished

Notes
Turn   | Place    | Note
-------+----------+-------------------------------------------
     0 | D:1      | NotreDorf the Merfolk Berserker began the quest for the
                  | Orb.
     0 | D:1      | Reached XP level 1. HP: 18/18 MP: 1/1
   138 | D:1      | Found a faded altar of an unknown god.
   223 | D:1      | Reached XP level 2. HP: 24/24 MP: 2/2
   254 | D:1      | Reached skill level 1 in Stealth
   589 | D:2      | Reached ** piety under Trog
   679 | D:2      | Reached XP level 3. HP: 29/29 MP: 3/3
   911 | D:2      | Reached XP level 4. HP: 21/37 MP: 4/4
  1453 | D:2      | Reached skill level 5 in Polearms
  1490 | D:2      | Reached XP level 5. HP: 42/42 MP: 5/5
  2487 | D:4      | Noticed a black bear
  2503 | D:4      | Slain by a hobgoblin

Illustrated notes

Levels and vault maps discovered:
D:1:      amcnicky_arrival_flooded_fountain, layout_rooms,
          shapermc_ecumenical_altar_mp_ritualfount
D:2:      layout_loops_ring, nicolae_titane
D:3:      wander_river, layout_rooms, minivault_23, lemuel_flame_loot_1
D:4:      layout_cave_pools, minmay_temple_entry_large_hall,
          minmay_misc_feat_enclosed

Skill      XL: |  1  2  3  4 |
---------------+-------------+-----
Dodging        | 3 4 |  4.2
Stealth        | 1 2 |  2.8
Fighting       | 4 |  4.2
Polearms       | 5 |  5.2
Armour         | |  1.3

Action                   |  1- 3 |  4- 6 || total
-------------------------+-------+-------++-------
Melee: Spear             |    98 |   114 ||   212
       Punch             |     1 |     2 ||     3
Invok: Berserk           |       |     1 ||     1
       Trog's Hand       |       |     1 ||     1
  Use: Potion            |     5 |       ||     5
 Stab: Sleeping          |     4 |    10 ||    14
Armor: Animal skin       |     5 |    38 ||    43
       Skin              |    21 |     3 ||    24
Dodge: Dodged            |    32 |    92 ||   124
